 Dungeon Crawl Stone Soup version 0.28.0 (webtiles) character file.

Game seed: 12224587736419502106

364 BALLS the Slasher (level 6, 0/32 HPs)
             Began as a Vine Stalker Fighter on Feb 16, 2022.
             Was an Initiate of Okawaru.
             Slain by a black bear (1 damage)
             ... on level 4 of the Dungeon.
             The game lasted 00:05:34 (3596 turns).

BALLS the Slasher (Vine Stalker Fighter)            Turns: 3596, Time: 00:05:37

Health: 0/32       AC:  6    Str: 21    XL:     6   Next: 67%
Magic:  0/7        EV:  9    Int:  8    God:    Okawaru [......]
Gold:   136        SH:  4    Dex: 13    Spells: 5/5 levels left

rFire   . . .      SeeInvis .   a - +0 long sword
rCold   . . .      Faith    .   c - +0 buckler
rNeg    . . .      Spirit   +   b - +0 scale mail
rPois   .          Reflect  .   (no helmet)
rElec   .          Harm     .   p - scarf {+Inv}
rCorr   .          Rampage  .   (no gloves)
Will    .....                   (no boots)
Stlth   ..........              (no amulet)
HPRegen 0.90/turn               (no ring)
MPRegen 0.10/turn               (no ring)

@: no status effects
A: fangs 2, regeneration 1, magic shield, antimagic bite, no potion heal 2
a: Renounce Religion, Evoke Invisibility


You were on level 4 of the Dungeon.
You worshipped Okawaru.
Okawaru was noncommittal.
You visited 1 branch of the dungeon, and saw 4 of its levels.

You collected 226 gold pieces.
You spent 90 gold pieces at shops.

Inventory:

Hand Weapons
 a - a +0 long sword (weapon)
Missiles
 o - 2 throwing nets (quivered)
Armour
 b - a +0 scale mail (worn)
 c - a +0 buckler (worn)
 m - a +0 cloak
 p - a scarf of invisibility (worn)
Wands
 s - a wand of iceblast (7)
 u - a wand of polymorph (3)
Scrolls
 f - 5 scrolls of enchant weapon {unknown}
 h - 2 scrolls of amnesia {unknown}
 i - 4 scrolls of identify {unknown}
 j - a scroll of silence {unknown}
 l - 2 scrolls of fog {unknown}
 n - a scroll of enchant armour {unknown}
 q - a scroll of holy word {unknown}
 v - a scroll of fear {unknown}
 w - a scroll of acquirement {unknown}
Potions
 d - a potion of might
 e - a potion of brilliance {unknown}
 g - a potion of flight {unknown}
 k - 3 potions of attraction {unknown}
 r - a potion of curing
 t - a potion of mutation {unknown}


   Skills:
 - Level 2.6 Fighting
 + Level 6.3 Long Blades
 - Level 2.4 Armour
 - Level 2.6 Shields


You had 5 spell levels left.
You didn't know any spells.
Your spell library contained the following spells:

 Spells                   Type           Power      Damage    Failure   Level
 Corpse Rot               Necr/Air       0%         N/A       94%         2
 Poisonous Vapours        Pois/Air       0%         N/A       94%         2
 Petrify                  Tmut/Erth      0%         N/A       100%        4
 Metabolic Englaciation   Hex/Ice        0%         N/A       100%        5
 Statue Form              Tmut/Erth      0%         N/A       100%        6


Dungeon Overview and Level Annotations

Branches:
Dungeon (4/15)
 Temple: D:4-7

Altars:
Nemelex Xobeh
Okawaru
Zin

Annotations:
D:4 1 transporter


Innate Abilities, Weirdness & Mutations

You have extremely sharp teeth.
Your natural rate of healing is unusually fast.
When hurt, damage is shared between your health and your magic reserves.
Your bite disrupts and absorbs the magic of your enemies.
Potions cannot restore your health.


Message History

You block the black bear's attack.
The black bear claws you but does no damage.
You hit the black bear. You bite the black bear. You drain its power.
You feel invigorated.
The black bear is heavily wounded.
The black bear barely misses you.
The black bear claws you but does no damage.
The black bear claws you.
You barely miss the black bear.
The black bear is heavily wounded.
The black bear bites you.
The black bear claws you but does no damage.
The black bear barely misses you.
You hit the black bear but do no damage.
The black bear is heavily wounded.
The black bear bites you! You block the black bear's attack.
The black bear barely misses you.
You slash the black bear!
The black bear is severely wounded.
The black bear goes berserk!
You completely miss the black bear.
The black bear is severely wounded.
The black bear bites you! The black bear closely misses you.
The black bear claws you. You block the black bear's attack.
The black bear misses you.
The black bear claws you but does no damage.
The black bear closely misses you. You block the black bear's attack.
The black bear claws you. The black bear bites you. The black bear claws you.
* * * LOW HITPOINT WARNING * * *
The black bear barely misses you.
The black bear rages.
You slash the black bear!
The black bear is almost dead.
The black bear bites you!
* * * LOW HITPOINT WARNING * * *
The black bear misses you. The black bear claws you.
* * * LOW HITPOINT WARNING * * *
The black bear closely misses you. The black bear claws you.
You die...

########### #..[......#
#.#######.# #.# #.##.#
#######.#######....#
#..............#####
#.#####........#######
#.#>h@.......>........ ########
..#.###........####### #......#
.##.# #........# #......#
#.##.###........# #..
#......####.##............# #.#
#......+...^.....#........# #.#
#......#####.....+.###...## ##.##
#......#####.....#####...####...#
#.........####...................


You could see a black bear (berserk).

Vanquished Creatures
  Blork the orc (D:4)
  An orc priest (D:4)
  The ghost of everene the Caller, a weakling FeSu (D:3)
  A hound (D:4)
  Ijyb (D:3)
  An orc wizard (D:4)
  The ghost of da312102 the Skirmisher, a weakling DrFi (D:3)
  A hound skeleton (D:4)
  An adder (D:2)
  4 gnolls (D:2)
  A white imp (D:3)
  A worm (D:2)
  11 orcs
  9 endoplasms
  2 giant cockroaches (D:1)
  2 goblins
  6 hobgoblins
  3 jackals (D:1)
  7 quokkas
  6 ball pythons
  3 bats
  2 frilled lizards
  4 kobolds
  5 rats
75 creatures vanquished.

Notes
Turn   | Place    | Note
-------+----------+-------------------------------------------
     0 | D:1      | BALLS the Vine Stalker Fighter began the quest for the Orb.
     0 | D:1      | Reached XP level 1. HP: 11/11 MP: 2/2
     5 | D:1      | Noticed an electric eel
    83 | D:1      | Reached skill level 2 in Long Blades
   141 | D:1      | Reached XP level 2. HP: 15/16 MP: 1/3
   327 | D:1      | Reached skill level 3 in Long Blades
   614 | D:1      | Reached XP level 3. HP: 18/19 MP: 2/4
  1787 | D:2      | Gained mutation: Your natural rate of healing is unusually
                  | fast. [Vine Stalker growth]
  1787 | D:2      | Reached XP level 4. HP: 11/23 MP: 2/5
  1859 | D:2      | Reached skill level 4 in Long Blades
  2327 | D:3      | Found Zin's Purification Station.
  2334 | D:3      | Found a glowing silver altar of Zin.
  2362 | D:3      | Bought a potion of curing for 90 gold pieces
  2373 | D:3      | Noticed Ijyb
  2385 | D:3      | Killed Ijyb
  2386 | D:3      | Reached XP level 5. HP: 27/27 MP: 4/6
  2495 | D:3      | Found a runed translucent gate.
  2496 | D:3      | Found a runed translucent gate.
  2498 | D:3      | Found a runed translucent gate.
  2499 | D:3      | Noticed da312102's ghost (weakling DrFi)
  2500 | D:3      | Noticed everene's ghost (weakling FeSu)
  2655 | D:3      | Found a faded altar of an unknown god.
  3059 | D:3      | Killed everene's ghost
  3060 | D:3      | Reached skill level 5 in Long Blades
  3082 | D:3      | Killed da312102's ghost
  3125 | D:4      | Noticed Blork the orc
  3130 | D:4      | Killed Blork the orc
  3131 | D:4      | Reached XP level 6. HP: 24/32 MP: 4/7
  3181 | D:4      | Found an iron altar of Okawaru.
  3192 | D:4      | Became a worshipper of Warmaster Okawaru
  3357 | D:4      | Reached skill level 6 in Long Blades
  3457 | D:4      | Found a sparkling altar of Nemelex Xobeh.
  3457 | D:4      | Found a transporter.
  3458 | D:4      | Noticed a two-headed ogre
  3515 | D:4      | Noticed a black bear
  3596 | D:4      | HP: 1/32 [black bear (2)]
  3596 | D:4      | Slain by a black bear

Illustrated notes

Levels and vault maps discovered:
D:1:      arrival_aquarium_a, layout_basic
D:2:      layout_loops_corners, minmay_randomly_rotated_circles
D:3:      layout_loops_ring, zin_purify, shapermc_ecumenical_altar_flowoftime,
          gammafunk_ghost_cemetery, minivault_4, uniq_ijyb
D:4:      layout_basic, grunt_nemelex_the_gamble, mainiacjoe_overflow_alcove_1,
          lightli_minifort, uniq_blork_the_orc

Skill      XL: |  1  2  3  4  5  6 |
---------------+-------------------+-----
Long Blades    | 2 3 4 5 6 |  6.3
Fighting       | |  2.6
Armour         | |  2.4
Shields        | |  2.6

Action                   |  1- 3 |  4- 6 || total
-------------------------+-------+-------++-------
Melee: Long sword        |    91 |   139 ||   230
       Bite              |    15 |    29 ||    44
Armor: Scale mail        |    39 |    48 ||    87
Dodge: Dodged            |    42 |    64 ||   106
Block: Buckler           |    21 |    31 ||    52
